 Dungeon Crawl Stone Soup version 0.30-a0-956-gcec3b41aec (webtiles) character file.

Game seed: 17663234231932327330

10392537 Notanamesir the Conqueror (level 27, 162/273 HPs)
             Began as a Minotaur Gladiator on Mar 26, 2023.
             Was a High Priest of Qazlal.
             Escaped with the Orb
             ... and 10 runes on Mar 29, 2023!
             The game lasted 05:24:56 (68145 turns).

Notanamesir the Conqueror (Minotaur Gladiator)     Turns: 68145, Time: 05:24:57

Health: 162/273    AC: 43    Str: 34      XL:     27
Magic:  36/36      EV: 21    Int: 16      God:    Qazlal [*****.]
Gold:   7901       SH: 27    Dex: 13 (14) Spells: 26/26 levels left

rFire   + + +      SeeInvis .    u - +3 broad axe of Regicide {freeze, rElec rC+ rN+}
rCold   + + +      Faith    .    n - +2 tower shield {rC+ rF+}
rNeg    + + .      Spirit   .    p - +7 gold dragon scales
rPois   +          Reflect  .    r - +2 hat {Stlth+}
rElec   +          Rampage  +    P - scarf {rC+ rF+}
rCorr   +          Rnd*Tele +    O - +0 pair of fencer's gloves {Riposte Dex+3}
Will    +++..                    G - +4 pair of boots of Xom's Reproof {Rampage rF+ Regen+ Int+3} Stlth
                                 a - amulet of Vitality {RegenMP++ Regen++}
HPRegen 3.05/turn                f - ring of Starshine {rCorr EV+5 Str-4 Int+7 Dex+4}
MPRegen 1.05/turn                Q - ring of Retax {rPois rF- rN+ MP+9 Str+5}

@: studying 4 skills, repel missiles
A: horns 2, retaliatory headbutt, clumsy 2, deterioration 1, dopey 1, low MP 2,
strong-willed 1, screaming 1, electricity resistance, strong 1, teleportitis 1,
inability to drink after injury 1, inability to read after injury 1, noise
suppression
0: Orb of Zot
}: 10/15 runes: barnacled, slimy, silver, abyssal, demonic, glowing, magical,
fiery, dark, gossamer
a: Renounce Religion, Upheaval, Elemental Force, Disaster Area


You escaped.
You worshipped Qazlal.
Qazlal was extremely pleased with you.
You visited 12 branches of the dungeon, and saw 56 of its levels.
You visited Pandemonium 1 time, and saw 12 of its levels.
You visited the Abyss 2 times.
You visited 1 ziggurat, and saw 7 of its levels.
You also visited: Trove and Volcano.

You collected 13116 gold pieces.
You spent 5215 gold pieces at shops.

Inventory:

Hand Weapons
 u - the +3 broad axe of Regicide (weapon) {freeze, rElec rC+ rN+}
   (You bought it in a shop on level 3 of the Vaults)

   rC:        It protects you from cold.
   rElec:     It insulates you from electricity.
   rN:        It protects you from negative energy.
 F - the +6 sword of Cerebov {flame}
   (You took it off Cerebov in Pandemonium)
Missiles
 d - 9 throwing nets
 e - 11 javelins
 o - 7 silver javelins
 x - 9 silver boomerangs (quivered)
 y - 34 boomerangs
Armour
 n - a +2 tower shield of resistance (worn)
 p - +7 gold dragon scales (worn)
 r - a +2 hat of stealth (worn)
 G - the +4 pair of boots of Xom's Reproof (worn) {Rampage rF+ Regen+ Int+3}
   (You found it on level 10 of the Dungeon)

   Int:       It affects your intelligence (+3).
   rF:        It protects you from fire.
   Regen:     It increases your rate of health regeneration.
   Rampage:   It bestows one free step when moving towards enemies.
 O - the +0 pair of fencer's gloves (worn) {Riposte Dex+3}
   (You acquired it on level 12 of the Dungeon)

   Riposte:   It allows the wearer to riposte with melee weapons, swiftly
   retaliating against missed or blocked melee attacks.
   Dex:       It affects your dexterity (+3).
 P - a scarf of resistance (worn)
Jewellery
 a - the amulet of Vitality (around neck) {RegenMP++ Regen++}
   (You found it on level 5 of the Pits of Slime)

   [amulet of magic regeneration]

   It increases your rate of magic regeneration.
   Regen:     It increases your rate of health regeneration.
 f - the ring of Starshine (left hand) {rCorr EV+5 Str-4 Int+7 Dex+4}
   (You found it in Pandemonium)

   [ring of evasion]

   EV:        It affects your evasion (+5).
   Str:       It affects your strength (-4).
   Int:       It affects your intelligence (+7).
   Dex:       It affects your dexterity (+4).
   rCorr:     It protects you from acid and corrosion.
 Q - the ring of Retax (right hand) {rPois rF- rN+ MP+9 Str+5}
   (You found it on level 3 of the Crypt)

   [ring of positive energy]

   Str:       It affects your strength (+5).
   rF:        It makes you vulnerable to fire.
   rPois:     It protects you from poison.
   rN:        It protects you from negative energy.
   MP:        It affects your magic capacity (+9).
 T - the ring of Virtue {rF+ rCorr Int+2 SInv Stlth-}
   (You found it in a treasure trove)

   [ring of resist corrosion]

   Int:       It affects your intelligence (+2).
   rF:        It protects you from fire.
   SInv:      It lets you see invisible.
   rCorr:     It protects you from acid and corrosion.
   Stlth:     It makes you less stealthy.
Wands
 i - a wand of digging (7)
 j - a wand of mindburst (58)
 l - a wand of flame (112)
 s - a wand of iceblast (46)
 B - a wand of polymorph (14)
 E - a wand of charming (53)
 I - a wand of acid (45)
Scrolls
 t - 19 scrolls of teleportation
 z - 2 scrolls of magic mapping
 D - 9 scrolls of fear
 H - 2 scrolls of silence
 J - 10 scrolls of fog
 K - 5 scrolls of butterflies
Potions
 b - 21 potions of curing
 g - 7 potions of brilliance
 h - 3 potions of ambrosia
 m - 6 potions of invisibility
 q - 4 potions of cancellation
 w - 2 potions of haste
 A - 9 potions of might
 C - 4 potions of resistance
 M - 6 potions of magic
Miscellaneous
 v - a box of beasts
 W - a phantom mirror
 X - a phial of floods


   Skills:
 O Level 27 Fighting
 - Level 14.0(18.0) Axes
 - Level 18.2(21.5) Polearms
 - Level 14.0(17.9) Staves
 + Level 19.3 Throwing
 - Level 26.0 Armour
 - Level 25.0 Dodging
 - Level 15.0 Shields
 - Level 18.0 Invocations
 * Level 24.6 Evocations


You had 26 spell levels left.
You didn't know any spells.
Your spell library contained the following spells:

 Spells                   Type           Power      Damage    Failure   Level
 Beastly Appendage        Tmut           0%         N/A       99%         1
 Foxfire                  Conj/Fire      0%         2x1d2     99%         1
 Freeze                   Ice            0%         1d3       99%         1
 Magic Dart               Conj           0%         1d3       99%         1
 Necrotise                Necr           0%         1d4       99%         1
 Sandblast                Erth           0%         2d4       99%         1
 Slow                     Hex            0%         N/A       99%         1
 Sting                    Tmut/Pois      0%         1d3       99%         1
 Summon Small Mammal      Summ           0%         N/A       99%         1
 Blink                    Tloc           0%         N/A       100%        2
 Call Imp                 Summ           0%         N/A       100%        2
 Cigotuvi's Dreadful Rot  Necr/Pois/Air  0%         N/A       100%        2
 Ensorcelled Hibernation  Hex/Ice        0%         N/A       100%        2
 Lesser Beckoning         Tloc           0%         N/A       100%        2
 Momentum Strike          Conj/Tloc      0%         3d8       100%        2
 Passwall                 Tmut/Erth      0%         N/A       100%        2
 Poisonous Vapours        Pois/Air       0%         N/A       100%        2
 Searing Ray              Conj           0%         2d4       100%        2
 Static Discharge         Conj/Air       0%         2-2/arc   100%        2
 Sublimation of Blood     Necr           0%         N/A       100%        2
 Wereblood                Tmut           0%         N/A       100%        2
 Call Canine Familiar     Summ           0%         N/A       100%        3
 Confusing Touch          Hex            0%         N/A       100%        3
 Dazzling Flash           Conj/Hex       0%         N/A       100%        3
 Frozen Ramparts          Ice            0%         1d1       100%        3
 Gell's Gravitas          Tloc           0%         N/A       100%        3
 Hailstorm                Conj/Ice       0%         3d3       100%        3
 Ignite Poison            Fire/Tmut/Pois 0%         N/A       100%        3
 Inner Flame              Hex/Fire       0%         N/A       100%        3
 Kindle Blastsparks       Fire/Tloc/Air  0%         2d10      100%        3
 Mephitic Cloud           Conj/Pois/Air  0%         N/A       100%        3
 Ozocubu's Armour         Ice            0%         N/A       100%        3
 Portal Projectile        Hex/Tloc       0%         N/A       100%        3
 Spider Form              Tmut/Pois      0%         N/A       100%        3
 Stone Arrow              Conj/Erth      0%         3d7       100%        3
 Summon Guardian Golem    Hex/Summ       0%         N/A       100%        3
 Swiftness                Air            0%         N/A       100%        3
 Teleport Other           Tloc           0%         N/A       100%        3
 Vampiric Draining        Necr           0%         2d6       100%        3
 Vhi's Electric Charge    Tloc/Air       0%         N/A       100%        3
 Airstrike                Air            0%         2d(0-16)  100%        4
 Anguish                  Hex/Necr       0%         N/A       100%        4
 Animate Armour           Summ/Erth      0%         N/A       100%        4
 Cause Fear               Hex            0%         N/A       100%        4
 Fulminant Prism          Conj/Hex       0%         3d5       100%        4
 Ice Form                 Ice/Tmut       0%         N/A       100%        4
 Iskenderun's Mystic Bla  Conj/Tloc      0%         2d3       100%        4
 Leda's Liquefaction      Hex/Erth       0%         N/A       100%        4
 Olgreb's Toxic Radiance  Pois           0%         N/A       100%        4
 Passage of Golubria      Tloc           0%         N/A       100%        4
 Petrify                  Tmut/Erth      0%         N/A       100%        4
 Sticky Flame             Conj/Fire      0%         2d3       100%        4
 Summon Ice Beast         Ice/Summ       0%         N/A       100%        4
 Summon Lightning Spire   Summ/Air       0%         N/A       100%        4
 Agony                    Necr           0%         N/A       100%        5
 Alistair's Intoxication  Tmut/Pois      0%         N/A       100%        5
 Arcjolt                  Conj/Air       0%         1d10      100%        5
 Blade Hands              Tmut           0%         N/A       100%        5
 Borgnjor's Vile Clutch   Necr/Erth      0%         N/A       100%        5
 Fireball                 Conj/Fire      0%         3d3       100%        5
 Freezing Cloud           Conj/Ice/Air   0%         6-21      100%        5
 Irradiate                Conj/Tmut      0%         3d11      100%        5
 Metabolic Englaciation   Hex/Ice        0%         N/A       100%        5
 Silence                  Hex/Air        0%         N/A       100%        5
 Summon Forest            Summ/Tloc      0%         N/A       100%        5
 Summon Mana Viper        Hex/Summ       0%         N/A       100%        5
 Conjure Ball Lightning   Conj/Air       0%         3x3d6     100%        6
 Death Channel            Necr           0%         N/A       100%        6
 Dispersal                Tloc           0%         N/A       100%        6
 Eringya's Noxious Bog    Tmut/Pois      0%         N/A       100%        6
 Iron Shot                Conj/Erth      0%         9d1       100%        6
 Simulacrum               Ice/Necr       0%         N/A       100%        6
 Starburst                Conj/Fire      0%         6d3       100%        6
 Statue Form              Tmut/Erth      0%         N/A       100%        6
 Dragon Form              Tmut           0%         N/A       100%        7
 Enfeeble                 Hex            0%         N/A       100%        7
 Malign Gateway           Summ/Tloc      0%         N/A       100%        7
 Monstrous Menagerie      Summ           0%         N/A       100%        7
 Orb of Destruction       Conj           0%         9d5       100%        7
 Ozocubu's Refrigeration  Ice            0%         4d7       100%        7
 Spellforged Servitor     Conj/Summ      0%         N/A       100%        7
 Storm Form               Tmut/Air       0%         N/A       100%        7
 Summon Hydra             Summ           0%         N/A       100%        7
 Borgnjor's Revivificati  Necr           0%         N/A       100%        8
 Discord                  Hex            0%         N/A       100%        8
 Disjunction              Tloc           0%         N/A       100%        8
 Ignition                 Fire           0%         3d3       100%        8
 Lehudib's Crystal Spear  Conj/Erth      0%         10d2      100%        8
 Maxwell's Capacitive Co  Air            0%         ∞         100%        8
 Necromutation            Tmut/Necr      0%         N/A       100%        8
 Summon Horrible Things   Summ           0%         N/A       100%        8
 Death's Door             Necr           0%         N/A       100%        9
 Dragon's Call            Summ           0%         N/A       100%        9
 Polar Vortex             Ice            0%         N/A       100%        9


Dungeon Overview and Level Annotations

Branches:
Dungeon (15/15)            Temple (1/1) D:5            Lair (5/5) D:9
 Shoals (4/4) Lair:3       Spider (4/4) Lair:2        Slime (5/5) Lair:4
    Orc (2/2) D:10            Elf (3/3) Orc:2        Vaults (5/5) D:13
  Crypt (3/3) Vaults:2       Tomb (0/3) Crypt:3      Depths (4/4) D:15
    Zot (5/5) Depths:4    Volcano (visited)

Altars:
Ashenzari
Cheibriados
Dithmenos
Fedhas
Kikubaaqudgha
Makhleb
Qazlal
Ru
Trog
Wu Jian
Xom
Yredelemnul
Zin
The Shining One
Jiyva

Shops:
D:8 *   D:11 [   Orc:2 ((*([*=   Vaults:1 ?   Vaults:3 *   Depths:1 *

Portals:
Hell: Depths:1 Depths:2 Depths:3 Depths:4
Abyss: Depths:2 Depths:3
Pandemonium: Depths:2 Depths:4

Annotations:
D:11 exclusions: door and obsidian statue
Elf:3 exclusions: 6 doors and 6 more exclusions
Crypt:2 2 transporters, Gathuos's ghost, adept OpEE


Innate Abilities, Weirdness & Mutations

You have a pair of horns on your head.
You reflexively headbutt those who attack you in melee.
You are very clumsy. (Dex -4)
Your body sometimes deteriorates upon taking damage.
You are dopey. (Int -2)
Your magical capacity is very low. (-20% MP)
You are strong-willed. (Will+)
You occasionally shout uncontrollably at your foes.
You are resistant to electric shocks. (rElec)
Your muscles are strong. (Str +4, Int/Dex -1)
You are occasionally teleported next to monsters.
You occasionally lose the ability to drink potions when taking damage.
You occasionally lose the ability to read scrolls when taking damage.
You passively dampen the noise of your surroundings.


Message History

* * * LOW HITPOINT WARNING * * *
The great blast of fire engulfs Otairas!!!
As Otairas dies, the sound returns.
Otairas dies!
You hear a sizzling sound! 6 fire vortices come into view.
Unknown command.
The fire vortex sizzles in the rain.
The fire vortex is engulfed in a thunderstorm.
The fire vortex sizzles in the rain.
You block the fire vortex's attack. The fire vortex hits you.
The fire vortex burns you! You resist.
* * * LOW HITPOINT WARNING * * *
The fire vortex dissipates!
The fire vortex is engulfed in freezing vapours.
The fire vortex sizzles in the rain.
You barely miss the fire vortex. You headbutt the fire vortex.
The fire vortex is severely damaged.
You hit the fire vortex. You freeze the fire vortex.
The fire vortex is severely damaged.
The fire vortex sizzles in the rain.
The fire vortex is engulfed in freezing vapours. x2
The fire vortex dissipates!
Your protection from fire is fading.
You feel less protected from fire.
There is an open door here.
You can drink potions again.
You can read scrolls again.
There is an open door here.
There is a staircase leading out of the dungeon here.
Char dumped successfully.
You are a level 27 Minotaur Gladiator.
I'm sorry, level 27 is as high as you can go.
With the way you've been playing, I'm surprised you got this far.
Play time: 05:24:05 (68144 turns).
You are forever immune to Zot's power.
You are a level 27 Minotaur Gladiator.
I'm sorry, level 27 is as high as you can go.
With the way you've been playing, I'm surprised you got this far.
Play time: 05:24:17 (68144 turns).
You are forever immune to Zot's power.
Unknown command.
You can't go down here!
You have escaped!

###.####♣♣~~#'#.#..#### #..#
#.# ♣~~~#<#.#..#..# #..# #.#
♣~~~###'#..#..# #..# #.#
#♣~~~......♣#..###..# #.#
#~~~~~.....♣#''##..##### #.#
#~~~~~.######..##.......
#.####~888~##..'....##.......
#....#~~~~~#...#######.......
####.#♣~~~.#@..#♣♣♣♣ #.......
#.#♣~~~.##.##♣..# ##......
#.#♣♣~~..#'#♣..## #......
#.##♣~♣........# ###..##
#####..###♣♣.....#'########.##
#......#.# ♣♣..♣♣#............
#........####..###.#########.#
#.....##.#.......#.# #.#
#........#..#....#.# #..


There were no monsters in sight!

Vanquished Creatures
  Cerebov (Pan)
  the Royal Jelly (Slime:5)
  Gloorx Vloq (Pan)
  A seraph (D:10)
  Lom Lobon (Pan)
  Mnoleg (Pan)
  A dread lich (Zot:5)
  3 orbs of fire
  5 ancient liches
  Mara (twice) (Vaults:5)
  A royal mummy (Zig:7)
  Josephina (Zot:1)
  7 pandemonium lords
  Saint Roka (Orc:2)
  3 Killer Klowns (Zot:5)
  The ghost of shadizar the Slayer, a veteran MiFi of the Shining One (Crypt:3)
  The ghost of Cefasol the Warrior, a veteran DjWn of Ashenzari (Depths:3)
  3 caustic shrikes (Depths:4)
  The ghost of Qyg Kex the Earth Mage, an adept OpEE of Vehumet (Crypt:3)
  Nikola (Shoals:2)
  11 golden dragons
  3 profane servitors
  the Enchantress (Depths:1)
  Arachne (Spider:2)
  3 bone dragons
  7 Brimstone Fiends
  A Tzitzimitl (Pan)
  28 tentacled monstrosities
  4 electric golems
  Jorgrun (Shoals:1)
  3 hellephants
  Rupert (Lair:3)
  The ghost of kMk the Hoplite, an adept FoFi of Okawaru (Shoals:1)
  5 quicksilver dragons
  11 liches
  The ghost of Xajier the Tortoise, an adept GrFi of Makhleb (Crypt:3)
  10 Ice Fiends (Pan)
  3 deep elf blademasters
  A Hell Sentinel (Depths:1)
  17 acid blobs
  A searing wretch (Zig:4)
  A walking divine tome (Depths:4)
  21 Orb Guardians
  4 deep elf master archers
  25 Executioners
  4 titans
  A kraken (Shoals:2)
  10 tentacled starspawn
  Agnes (Spider:2)
  4 death cobs
  4 ancient champions
  8 sphinxes
  An eldritch tentacle (Pan)
  3 tengu reavers
  Kirke (Lair:3)
  Roxanne (Elf:1)
  11 shadow dragons
  Donald (Elf:1)
  6 azure jellies
  A daeva (D:10)
  6 draconian monks
  Ilsuiw (Shoals:2)
  13 fire giants
  11 storm dragons
  14 rockslimes
  4 revenants
  10 demonspawn warmongers (Pan)
  A nagaraja (Zig:6)
  Aizul (Shoals:2)
  7 draconian scorchers
  15 frost giants
  3 deep elf sorcerers
  21 vault wardens
  9 draconian knights
  5 ghost moths
  7 emperor scorpions
  24 balrugs
  6 curse skulls
  2 iron dragons (Vaults:5)
  18 cacodemons (Pan)
  7 ironbound thunderhulks
  3 orc warlords
  9 ghouls
  8 draconian shifters
  3 draconian stormcallers
  2 deep elf elementalists (Elf:3)
  An angel (D:10)
  12 draconian annihilators
  6 demonspawn blood saints
  11 reapers
  3 spriggan defenders (Depths:1)
  15 very ugly things
  26 stone giants
  10 quicksilver oozes
  19 ironbound preservers
  7 demonspawn corrupters (Pan)
  2 broodmothers
  A caustic shrike skeleton (Crypt:2)
  10 vampire knights
  6 war gargoyles
  7 deep elf demonologists (Elf:3)
  13 lorocyprocas (Pan)
  7 green draconians
  12 black draconians
  12 demonspawn black suns (Pan)
  16 purple draconians
  8 white draconians
  14 red draconians
  10 dire elephants (Vaults:2)
  10 spark wasps
  9 deep elf annihilators
  The ghost of Okey the Cleaver, a journeyman DDFi of Okawaru (Lair:4)
  12 yellow draconians
  2 crystal guardians (Vaults:4)
  18 blizzard demons
  3 merfolk javelineers
  6 deep elf death magi
  10 green deaths (Pan)
  9 eidola
  17 ettins
  17 yaktaur captains
  7 merfolk impalers
  4 jiangshi
  12 entropy weavers
  13 fire dragons
  A spectral spriggan (Crypt:3)
  8 great orbs of eyes
  43 vault guards
  A deep elf high priest (Elf:1)
  4 peacekeepers
  2 salamander tyrants (Zig:6)
  8 rakshasas
  5 hydras
  2 spriggan zombies
  4 hell beasts
  An ogre mage (Vaults:1)
  3 spriggan air magi
  11 ice dragons
  6 merfolk avatars
  An anaconda (Zig:6)
  2 radroaches
  2 two-headed ogres
  8 death knights
  Erica (D:8)
  5 ironbound frosthearts
  A spriggan skeleton (Pan)
  3 alligator snapping turtles
  20 centaur warriors
  2 juggernaut simulacra (Pan)
  4 jorogumos
  2 death scarabs (Zig:7)
  A fenstrider witch skeleton (Pan)
  4 merfolk aquamancers (Shoals:4)
  12 death yaks
  A satyr (Shoals:4)
  A catoblepas (Lair:1)
  25 dancing weapons
  15 hell hogs
  13 boulder beetles
  6 deep troll earth magi
  8 spriggan berserkers
  13 deep troll shamans
  26 thrashing horrors
  7 orc high priests
  6 holy swine (Pan)
  4 tengu warriors
  2 naga warriors
  A shock serpent (Zig:6)
  5 vampire magi
  12 deep elf knights
  Sonja (D:12)
  28 skeletal warriors
  A storm dragon zombie (Crypt:2)
  Nergalle (Lair:1)
  5 skysharks
  22 soul eaters
  17 wretched stars
  4 pharaoh ants
  58 sun demons
  A sun moth (Spider:4)
  27 sixfirhies
  The ghost of clease the Geomancer, a novice GrEE of Vehumet (D:9)
  A cherub (D:10)
  8 iron trolls
  An anaconda zombie (Crypt:2)
  3 spatial maelstroms (Abyss:6)
  A storm dragon skeleton (Pan)
  30 shadow wraiths
  2 fire crabs
  A bunyip zombie (Crypt:2)
  A goliath frog (Lair:5)
  11 sea snakes
  5 glowing orange brains
  12 orb spiders
  A glowing orange brain (shapeshifter) (Vaults:5)
  19 shadow demons
  6 flayed ghosts
  45 deep trolls
  28 harpies
  7 lindwurms
  An obsidian statue (Vaults:1)
  A bog body (Crypt:2)
  A swamp dragon (Abyss:6)
  15 steelbarb worms
  19 wizards
  3 necromancers (Crypt:2)
  26 phantasmal warriors
  8 orc knights
  Pikel (D:5)
  A tengu skeleton (Pan)
  13 ironbound convokers
  9 orc sorcerers
  16 deep elf archers
  A sphinx zombie (Crypt:1)
  59 ugly things
  30 deep elf pyromancers
  35 deep elf zephyrmancers
  2 anaconda skeletons
  3 will-o-the-wisps (Abyss:6)
  A wolf spider (shapeshifter) (Vaults:5)
  12 manticores
  15 shining eyes
  A fire giant zombie (Zig:7)
  6 worldbinders
  19 wolf spiders
  An elephant (shapeshifter) (Elf:3)
  3 cyclopes
  A salamander (shapeshifter) (Depths:3)
  An iron dragon skeleton (Crypt:2)
  9 fauns (Shoals:1)
  27 moths of wrath
  9 merfolk sirens
  9 elephants
  A rust devil (Pan)
  16 vault sentinels
  A stone giant skeleton (Pan)
  2 guardian serpents
  2 naga magi
  Joseph (D:8)
  8 water nymphs
  A torpor snail (shapeshifter) (Depths:2)
  A water nymph (shapeshifter) (D:9)
  7 black mambas
  A dire elephant skeleton (Pan)
  2 gargoyles
  5 ice statues (Pan)
  5 apocalypse crabs (Abyss:6)
  An eye of devastation (Pan)
  38 demonic crawlers
  14 torpor snails
  24 cane toads
  26 smoke demons
  2 molten gargoyles (Volcano)
  6 unseen horrors
  3 rime drakes
  3 kobold demonologists
  3 hellions
  21 orange demons (Pan)
  Psyche (D:8)
  Maggie (D:8)
  An alligator snapping turtle skeleton (Crypt:2)
  12 komodo dragons
  2 orb spider zombies
  2 centaur skeletons (Crypt:2)
  46 yaktaurs
  A yellow draconian zombie (Crypt:3)
  2 efreet (Pan)
  6 tormentors
  A bunyip simulacrum (Crypt:2)
  9 ice devils
  12 freezing wraiths
  8 ancient zymes
  3 tengu conjurers
  2 red devils (Pan)
  An iron giant simulacrum (Abyss:5)
  20 merfolk
  A queen bee (D:9)
  7 meliai
  A spectral harpy (Crypt:3)
  2 tyrant leeches (Lair:5)
  9 trolls
  20 hellwings
  9 wind drakes
  A moth of wrath zombie (Crypt:2)
  2 hydra skeletons (Pan)
  3 polar bears
  A queen bee (shapeshifter) (Vaults:5)
  7 snapping turtles
  31 tarantellas
  A hornet (shapeshifter) (D:15)
  A hornet (Depths:1)
  A shadow dragon simulacrum (Zot:1)
  A harpy skeleton (Pan)
  13 dream sheep
  A blink frog (shapeshifter) (D:14)
  Prince Ribbit (D:7)
  13 blink frogs (Lair:5)
  A draconian simulacrum (Zot:1)
  20 raiju
  A great orb of eyes zombie (Crypt:2)
  33 jumping spiders
  A black mamba zombie (Crypt:3)
  101 slime creatures
  21 water elementals
  2 air elementals
  20 flying skulls
  3 spriggans
  14 wraiths
  A wyvern (Lair:5)
  70 large abominations
  Sigmund (D:2)
  A fire dragon skeleton (Pan)
  15 shadows
  22 ynoxinuls
  A wind drake zombie (Crypt:1)
  23 culicivoras
  A black mamba skeleton (Pan)
  A dire elephant simulacrum (Abyss:4)
  An ushabti (Zig:7)
  3 fire elementals
  3 basilisks
  35 yaks
  6 fire bats (Volcano)
  38 starcursed masses
  13 golden eyes
  A golden eye (shapeshifter) (Vaults:5)
  23 chaos spawn
  2 humans (Lair:3)
  2 steam dragons
  11 vampire mosquitoes
  62 redbacks
  21 neqoxecs
  3 wargs
  2 nagas
  2 acid dragons (D:11)
  5 spatial vortices (Abyss:6)
  10 water moccasins
  A hell hound (Volcano)
  A moth of wrath simulacrum (Zot:1)
  2 naga skeletons (Crypt:2)
  5 floating eyes (Pan)
  An ice dragon simulacrum (Crypt:2)
  3 ice beasts (D:9)
  2 black bears
  23 small abominations
  43 orc warriors
  7 ogres
  An elephant zombie (Crypt:1)
  A dream sheep zombie (Crypt:3)
  17 wolves
  A phantom (D:6)
  12 centaurs
  A lindwurm skeleton (Crypt:1)
  A komodo dragon zombie (Crypt:2)
  2 kobold brigands
  14 bullfrogs
  3 earth elementals
  3 necrophages (Crypt:3)
  2 two-headed ogre simulacra
  3 gnoll sergeants
  8 scorpions
  A yak zombie (Crypt:3)
  A shapeshifter zombie (Crypt:1)
  A raiju zombie (Crypt:2)
  18 killer bees
  6 electric eels
  4 howler monkeys
  A troll skeleton (Crypt:3)
  A crimson imp (D:9)
  7 lava snakes (Volcano)
  A quasit (Abyss:3)
  8 jellies
  31 orc priests
  Crazy Yiuf (D:2)
  A basilisk zombie (Crypt:2)
  6 hounds
  4 iguanas
  37 orc wizards
  2 hell rats (Lair:3)
  3 spriggan simulacra (Orc:2)
  2 troll simulacra (Orc:2)
  Terence (D:2)
  An acid dragon zombie (Crypt:2)
  A deep dwarf skeleton (Crypt:3)
  A boggart simulacrum (D:14)
  3 mummies (Zig:7)
  15 gnolls
  8 adders
  2 naga simulacra (Orc:2)
  4 white imps
  An ufetubus (D:5)
  6 worms
  4 dart slugs
  114 orcs
  10 ball pythons
  A bat zombie (Crypt:1)
  13 endoplasms
  5 giant cockroaches
  9 goblins
  4 hobgoblins
  3 jackals (D:2)
  2 quokkas (D:1)
  A ball python skeleton (Crypt:1)
  7 bats
  2 frilled lizards
  A goblin skeleton (Crypt:3)
  A goblin zombie (Crypt:1)
  A jackal zombie (Crypt:1)
  9 kobolds
  An orc skeleton (Crypt:3)
  6 rats
  2 ball lightnings (Pan)
  A fire vortex (D:1)
  8 starspawn tentacles
3452 creatures vanquished.

Vanquished Creatures (collateral kills)
  3 acid blobs (Slime:5)
  An azure jelly (Slime:5)
  A vault warden (Vaults:5)
  A merfolk javelineer (Shoals:4)
  A sun demon (Pan)
  A deep elf knight (Elf:2)
  A goliath frog (Lair:5)
  2 deep elf pyromancers (Elf:2)
  A black mamba (Lair:3)
  A smoke demon (Pan)
  5 cane toads
  A komodo dragon (Lair:3)
  A guardian mummy (Zig:7)
  2 merfolk (Shoals:2)
  2 basilisks (Lair:3)
  An ushabti (Zig:7)
  3 vampire mosquitoes (Lair:5)
  2 water moccasins (Lair:3)
  An orc warrior (Orc:2)
  A black bear (Lair:3)
  5 wolves (Lair:5)
  3 hell rats (Lair:3)
  5 mummies (Zig:7)
  An orc (Orc:2)
  2 fire vortices (Pan)
48 creatures vanquished.

Vanquished Creatures (others)
  A pandemonium lord (D:1)
  A caustic shrike (Depths:4)
  A tentacled monstrosity (Pan)
  A lich (D:14)
  An Orb Guardian (Zot:5)
  2 draconian knights
  2 fire giants (Depths:3)
  A demonspawn warmonger (Pan)
  A frost giant (Depths:3)
  The ghost of Stil the Eclecticist, a journeyman TeCj of Vehumet (Shoals:1)
  A demonspawn blood saint (D:4)
  An ettin (Depths:3)
  A vault guard (Vaults:5)
  A death knight (Crypt:1)
  A thrashing horror (Abyss:6)
  4 deep elf knights
  A sun demon (Pan)
  A sea snake (Shoals:4)
  3 wizards (Pan)
  A phantasmal warrior (Crypt:3)
  A deep elf pyromancer (Elf:2)
  2 deep elf zephyrmancers
  2 smoke demons (Pan)
  2 efreet (Pan)
  A golden dragon simulacrum (Zot:1)
  A bloated husk (Zig:1)
  A merfolk (Shoals:2)
  A hellwing (Pan)
  A ynoxinul (Pan)
  4 humans (Lair:3)
  2 orcs
  25 ball lightnings
  2 fire vortices
  16 foxfires (Abyss:6)
  24 fungi
  2 lurking horrors
  101 plants
  8 starspawn tentacles
  4 tentacles (Shoals:2)
  4 withered plants (Crypt:3)
231 creatures vanquished.

Grand Total: 3731 creatures vanquished

Notes
Turn   | Place    | Note
-------+----------+-------------------------------------------
     0 | D:1      | Notanamesir the Minotaur Gladiator began the quest for the
                  | Orb.
     0 | D:1      | Reached XP level 1. HP: 18/18 MP: 0/0
   219 | D:1      | Reached XP level 2. HP: 25/25 MP: 1/1
   726 | D:1      | Reached skill level 5 in Staves
   893 | D:2      | Reached XP level 3. HP: 30/30 MP: 2/2
  1008 | D:2      | Found a runed translucent door.
  1009 | D:2      | Noticed Crazy Yiuf
  1095 | D:2      | Noticed Terence
  1109 | D:2      | Killed Terence
  1403 | D:2      | Reached XP level 4. HP: 37/37 MP: 3/3
  1513 | D:2      | Noticed Sigmund
  1528 | D:2      | Killed Sigmund
  1529 | D:2      | Reached XP level 5. HP: 28/42 MP: 1/4
  1914 | D:2      | Killed Crazy Yiuf
  1915 | D:2      | Reached XP level 6. HP: 37/50 MP: 3/5
  2107 | D:3      | Found a sacrificial altar of Ru.
  2171 | D:3      | Reached skill level 1 in Armour
  2492 | D:3      | Found a bloodstained altar of Trog.
  2492 | D:3      | Found an ornate altar of the Wu Jian Council.
  3285 | D:4      | Reached XP level 7. HP: 54/56 MP: 6/6
  3627 | D:5      | Entered Level 5 of the Dungeon
  3646 | D:5      | Found a stormy altar of Qazlal.
  3721 | D:5      | Became a worshipper of Qazlal Stormbringer
  3731 | D:5      | Noticed Pikel
  3752 | D:5      | Killed Pikel
  3753 | D:5      | Reached skill level 10 in Staves
  3753 | D:5      | Reached XP level 8. HP: 53/62 MP: 5/8
  4452 | D:5      | Found a staircase to the Ecumenical Temple.
  4545 | Temple   | Entered the Ecumenical Temple
  4684 | D:6      | Reached skill level 5 in Armour
  4684 | D:6      | Reached skill level 5 in Dodging
  4778 | D:6      | Reached XP level 9. HP: 17/68 MP: 2/10
  4852 | D:6      | Reached * piety under Qazlal
  5511 | D:7      | Noticed Prince Ribbit
  5526 | D:7      | Killed Prince Ribbit
  5628 | D:7      | Reached skill level 5 in Invocations
  5751 | D:7      | You fall into a shaft and drop 2 floors!
  5798 | D:9      | Found a transporter.
  5800 | D:9      | Found a transporter.
  5949 | D:7      | Identified the +1 mace of Teage {vamp, Stlth+}
  6511 | D:8      | Noticed a torpor snail
  6512 | D:8      | Found a snail-covered altar of Cheibriados.
  6512 | D:8      | Noticed a torpor snail
  6514 | D:8      | Noticed a torpor snail
  6514 | D:8      | Noticed Erica
  6529 | D:8      | Killed Erica
  6645 | D:8      | Noticed Psyche
  6652 | D:8      | Killed Psyche
  6653 | D:8      | Reached XP level 10. HP: 62/74 MP: 10/14
  6737 | D:8      | Reached ** piety under Qazlal
  6983 | D:8      | Noticed Maggie
  6987 | D:8      | Killed Maggie
  7104 | D:8      | Noticed Joseph
  7122 | D:8      | Killed Joseph
  7165 | D:8      | Found Hedd's Assorted Antiques.
  7192 | D:8      | Bought a scroll labelled OGIXZO VEAC for 30 gold pieces
  7192 | D:8      | Bought a dented filigree amulet for 150 gold pieces
  7613 | D:9      | a polar bear changed into a glowing shapeshifter
  7613 | D:9      | Noticed a glowing shapeshifter (glowing shapeshifter)
  7613 | D:9      | a glowing shapeshifter changed into a lindwurm
  7613 | D:9      | Noticed a lindwurm (glowing shapeshifter)
  7618 | D:9      | a lindwurm changed into an eye of devastation
  7618 | D:9      | Noticed an eye of devastation (glowing shapeshifter)
  7620 | D:9      | an eye of devastation changed into a water nymph
  7620 | D:9      | Noticed a water nymph (glowing shapeshifter)
  7623 | D:9      | Killed a water nymph
  7624 | D:9      | Reached skill level 3 in Fighting
  7720 | D:9      | Found a staircase to the Lair.
  7873 | D:9      | Reached skill level 4 in Fighting
  7964 | D:9      | Noticed clease's ghost (novice GrEE)
  8434 | D:9      | Reached skill level 5 in Fighting
  8442 | D:9      | Killed clease's ghost
  8443 | D:9      | Reached XP level 11. HP: 80/88 MP: 14/17
  8519 | D:10     | Entered Level 10 of the Dungeon
  8578 | D:10     | Found a burning altar of Makhleb.
  8578 | D:10     | Found a glowing silver altar of Zin.
  8579 | D:10     | Noticed an angel
  8579 | D:10     | Noticed a cacodemon
  8824 | D:10     | Found a staircase to the Orcish Mines.
  8844 | D:10     | Reached *** piety under Qazlal
  9016 | D:10     | Found a broken altar of Ashenzari.
  9075 | D:10     | Reached skill level 6 in Fighting
  9217 | D:10     | Identified the +4 pair of boots of Xom's Reproof {Rampage
                  | rF+ Regen+ Int+3}
  9522 | D:10     | Found a glowing golden altar of the Shining One.
  9705 | D:11     | Noticed an obsidian statue
  9871 | D:11     | Found Heinrich's Dragon-Slaying Spoils.
 10081 | D:11     | Reached skill level 10 in Invocations
 10338 | Lair:1   | Entered Level 1 of the Lair of Beasts
 10374 | Lair:1   | Reached skill level 7 in Fighting
 10508 | Lair:1   | Noticed Nergalle
 10519 | Lair:1   | Killed Nergalle
 10570 | Lair:1   | Identified the ring "Moggamp" {*Slow rPois rF+ Will+}
 10574 | Lair:1   | Noticed a catoblepas
 10593 | Lair:1   | Killed a catoblepas
 11091 | Lair:1   | You fall into a shaft and drop 1 floor!
 11099 | Lair:2   | Reached XP level 12. HP: 87/101 MP: 15/18
 11382 | Lair:2   | Reached skill level 8 in Fighting
 11459 | Lair:2   | Reached **** piety under Qazlal
 11602 | Lair:2   | Identified the +6 short sword of Dory {protect, Int+3}
 11998 | Lair:2   | Found a hole to the Spider Nest.
 12122 | Lair:3   | Reached skill level 10 in Armour
 12123 | Lair:3   | Reached skill level 9 in Fighting
 12190 | Lair:3   | Found a dark tunnel.
 12193 | Lair:3   | Noticed Kirke
 12197 | Volcano  | Entered a volcano
 12313 | Volcano  | Reached skill level 10 in Dodging
 12594 | Volcano  | Found a burning altar of Makhleb.
 12594 | Volcano  | Noticed a hell hog
 12616 | Volcano  | Killed a hell hog
 12702 | Volcano  | Reached skill level 10 in Fighting
 12821 | Lair:3   | Noticed a four-headed hydra
 12832 | Lair:3   | Killed Kirke
 12833 | Lair:3   | Reached XP level 13. HP: 113/113 MP: 17/20
 12923 | Lair:3   | Noticed Rupert
 12940 | Lair:3   | Killed Rupert
 13123 | Lair:3   | Found a staircase to the Shoals.
 13700 | Lair:4   | Found a staircase to the Slime Pits.
 14357 | Lair:4   | Reached ***** piety under Qazlal
 14380 | Lair:4   | Found a runed translucent door.
 14383 | Lair:4   | Noticed Okey's ghost (journeyman DDFi)
 14425 | Lair:4   | Killed Okey's ghost
 14780 | Lair:5   | Entered Level 5 of the Lair of Beasts
 14876 | Lair:5   | Reached XP level 14. HP: 121/121 MP: 22/22
 15894 | Orc:1    | Entered Level 1 of the Orcish Mines
 15909 | Orc:1    | Noticed an orc warlord
 15938 | Orc:1    | Killed an orc warlord
 16259 | Orc:1    | Reached skill level 15 in Armour
 16259 | Orc:1    | You fall into a shaft and drop 1 floor!
 16259 | Orc:2    | Entered Level 2 of the Orcish Mines
 16371 | D:11     | Bought +2 gold dragon scales for 1472 gold pieces
 16723 | Orc:2    | Found Luodaff's Antique Weapon Shop.
 16744 | Orc:2    | Found Hoibriunke's Antique Weapon Emporium.
 16787 | Orc:2    | Found Deucaoxas's Assorted Antiques.
 16854 | Orc:2    | Noticed Saint Roka
 16882 | Orc:2    | Killed Saint Roka
 17036 | Orc:2    | Found a staircase to the Elven Halls.
 17250 | Orc:2    | Reached XP level 15. HP: 125/126 MP: 20/25
 17261 | Orc:2    | Gained mutation: Your body sometimes deteriorates upon
                  | taking damage. [a neqoxec]
 17351 | Orc:2    | Found Ysecw's General Store.
 17548 | Orc:2    | Found Ekkuss's Antique Armour Emporium.
 17548 | Orc:2    | Found Ivumomipt's Antique Weapon Emporium.
 17550 | Orc:2    | Found Eviweris's Jewellery Shoppe.
 17740 | Orc:1    | Lost mutation: Your body sometimes deteriorates upon taking
                  | damage. [potion of mutation]
 17740 | Orc:1    | Gained mutation: You are partially covered in large bone
                  | plates. (SH +4) [potion of mutation]
 17740 | Orc:1    | Gained mutation: You have sharp fingernails. [potion of
                  | mutation]
 17740 | Orc:1    | Gained mutation: You expend magic power (3 MP) to
                  | strengthen your wands. [potion of mutation]
 17740 | Orc:1    | Gained mutation: You have hidden genetic potential. [potion
                  | of mutation]
 17848 | Spider:1 | Entered Level 1 of the Spider Nest
 17854 | Spider:1 | Reached skill level 1 in Polearms
 17890 | Lair:2   | Reached skill level 15 in Dodging
 17890 | Lair:2   | Reached skill level 15 in Invocations
 18028 | Spider:1 | Reached skill level 5 in Polearms
 18199 | Spider:1 | Reached XP level 16. HP: 134/134 MP: 26/26
 18884 | Spider:2 | Noticed Arachne
 18903 | Spider:2 | Noticed Agnes
 18925 | Spider:2 | Killed Agnes
 19303 | Spider:2 | Killed Arachne
 20349 | Orc:2    | Bought a scroll of brand weapon for 142 gold pieces
 20665 | Spider:3 | Reached XP level 17. HP: 116/135 MP: 21/27
 20700 | Spider:3 | Gained mutation: Your flesh is heat resistant. (rF+)
                  | [hidden potential]
 20706 | Spider:3 | HP: 2/127 [wolf spider (16)]
 20714 | Spider:3 | HP: 5/127 [wolf spider (6)]
 20910 | Spider:3 | Reached ****** piety under Qazlal
 20911 | Spider:3 | Reached skill level 15 in Polearms
 21873 | Spider:4 | Entered Level 4 of the Spider Nest
 22732 | Spider:4 | Got a gossamer rune of Zot
 23087 | Orc:2    | Bought a ring of flight for 280 gold pieces
 23087 | Orc:2    | Bought a ring of protection from cold for 400 gold pieces
 23253 | Shoals:1 | Entered Level 1 of the Shoals
 23253 | Shoals:1 | Noticed Jorgrun
 23267 | Shoals:1 | Killed Jorgrun
 23623 | Shoals:1 | Found a runed translucent gate.
 23634 | Shoals:1 | Found a runed translucent gate.
 23634 | Shoals:1 | Found a runed translucent gate.
 23691 | Shoals:1 | Reached XP level 18. HP: 115/147 MP: 22/29
 23734 | Shoals:1 | Noticed Stil's ghost (journeyman TeCj)
 23735 | Shoals:1 | Noticed kMk's ghost (adept FoFi)
 23851 | Shoals:1 | Killed Stil's ghost
 23867 | Shoals:1 | Killed kMk's ghost
 24259 | Shoals:2 | Reached skill level 1 in Evocations
 24290 | Shoals:2 | Noticed Aizul
 24311 | Shoals:2 | Gained mutation: You are agile. (Dex +4, Str/Int -1)
                  | [hidden potential]
 24311 | Shoals:2 | Lost mutation: You have hidden genetic potential. [hidden
                  | potential expressed]
 24315 | Shoals:2 | Killed Aizul
 24390 | Shoals:2 | Noticed Ilsuiw
 24406 | Shoals:2 | Killed Ilsuiw
 24581 | Shoals:2 | Noticed Nikola
 24598 | Shoals:2 | Killed Nikola
 25026 | Shoals:2 | You are sucked into a shaft and drop 1 floor!
 25046 | Shoals:3 | Upgraded the game from 0.30-a0-946-gec5dcfc036 to
                  | 0.30-a0-949-g53dc5368d7
 26083 | Shoals:4 | Entered Level 4 of the Shoals
 27214 | Shoals:4 | Identified the +11 lajatang "Hifaf" {heavy, Int+3}
 27267 | Shoals:4 | Got the Collected Works on Hurtful Ozone
 27347 | Shoals:4 | Got a barnacled rune of Zot
 27657 | Elf:1    | Entered Level 1 of the Elven Halls
 28047 | Elf:1    | Reached XP level 19. HP: 150/154 MP: 28/30
 28233 | Elf:1    | Identified Roxanne's Precepts of Shaping
 28233 | Elf:1    | Noticed Roxanne
 28264 | Elf:1    | Reached skill level 1 in Shields
 28325 | Elf:1    | Killed Roxanne
 28457 | Elf:1    | Noticed Donald
 28465 | Elf:1    | Killed Donald
 28667 | Elf:1    | Paralysed by an air elemental for 1 turns
 28684 | Elf:1    | Reached skill level 11 in Fighting
 28935 | Elf:2    | Reached skill level 5 in Shields
 28958 | Elf:2    | Found a runed translucent gate.
 28958 | Elf:2    | Found a runed translucent gate.
 29130 | Elf:2    | Found a runed translucent gate.
 29241 | Elf:2    | Reached skill level 12 in Fighting
 29765 | Elf:2    | Reached skill level 13 in Fighting
 30206 | Elf:3    | Entered Level 3 of the Elven Halls
 30485 | Elf:3    | Paralysed by an air elemental for 1 turns
 30647 | Elf:3    | Identified the ring "Zewex" {rPois rN+ AC+4}
 30671 | Elf:3    | Reached skill level 10 in Shields
 30675 | Elf:3    | Reached XP level 20. HP: 173/173 MP: 20/32
 30682 | Elf:3    | Reached skill level 14 in Fighting
 30893 | Elf:3    | Identified the ring "Ebeamais" {rF+ rCorr SInv Stlth+}
 30946 | Elf:3    | Found the +10 zealot's sword {holy, Zealotry, *Rage rN+
                  | EV+3}
 30968 | Elf:3    | Identified the staff of fire "Basou" {rF+ Dex+3}
 31121 | Elf:3    | Got Mippiwk's Handbook of Glamour and the Map
 31258 | Elf:3    | Identified the +5 quarterstaff of the Gloaming {drain,
                  | rPois rF+ rC-}
 31662 | Orc:2    | Bought the amulet of the Sky {Spirit Str+5 Dex+4} for 894
                  | gold pieces
 31779 | D:12     | Noticed Sonja
 31784 | D:12     | Killed Sonja
 31947 | D:12     | Identified the ring of Moral Flaws {rElec rC+ Str-4 Dex+6
                  | SInv}
 32155 | D:12     | Identified a scroll of acquirement
 32171 | D:12     | Acquired the +0 pair of fencer's gloves {Riposte Dex+3}
 32171 | D:12     | Found the +0 pair of fencer's gloves {Riposte Dex+3}
 32748 | D:13     | Reached skill level 5 in Evocations
 32768 | D:13     | Found a gate to the Vaults.
 32929 | D:13     | Found a portal to a secret trove of treasure.
 33748 | D:14     | Acquired 290 gold pieces
 34276 | D:15     | Entered Level 15 of the Dungeon
 34331 | D:15     | Found a staircase to the Depths.
 34690 | D:15     | Identified the +1 dagger of Fortitude {drain, rC+ Str+2
                  | Stlth+}
 35064 | D:11     | Bought +0 storm dragon scales for 1280 gold pieces
 35159 | Vaults:1 | Entered Level 1 of the Vaults
 35241 | Vaults:1 | Reached skill level 15 in Fighting
 35298 | Vaults:1 | Reached skill level 5 in Throwing
 35381 | Vaults:1 | Found Imenota's Magic Scroll Emporium.
 35390 | Vaults:1 | Bought 2 scrolls of enchant armour for 225 gold pieces
 35476 | D:13     | You paid a toll of +3 storm dragon scales to enter a
                  | treasure trove
 35477 | Trove    | Entered a treasure trove
 35486 | Trove    | Identified the +1 pair of gloves of the Orb {Regen+ Int-5
                  | Dex-2 Slay+5}
 35497 | Trove    | Identified the ring of Virtue {rF+ rCorr Int+2 SInv Stlth-}
 36292 | Vaults:1 | Found a transporter.
 36307 | Vaults:1 | Found a transporter.
 36448 | Vaults:2 | Reached XP level 21. HP: 174/184 MP: 24/33
 36790 | Vaults:2 | Found a staircase to the Crypt.
 37775 | Vaults:3 | Reached skill level 1 in Axes
 37802 | Vaults:3 | Found Aply's Assorted Antiques.
 37808 | Vaults:3 | Bought a buzzing broad axe for 342 gold pieces
 37808 | Vaults:3 | Identified the +3 broad axe of Regicide {freeze, rElec rC+
                  | rN+} (You bought it in a shop on level 3 of the Vaults)
 37886 | Vaults:3 | Reached skill level 5 in Axes
 38644 | Vaults:3 | Got the Volume of Rot and the Oath
 38914 | Vaults:3 | Reached skill level 10 in Axes
 39611 | Vaults:4 | Reached XP level 22. HP: 192/192 MP: 34/34
 40646 | Crypt:1  | Entered Level 1 of the Crypt
 40667 | Vaults:2 | Reached skill level 15 in Shields
 40861 | Crypt:1  | Paralysed by a vampire knight for 3 turns
 41487 | Crypt:2  | Reached skill level 16 in Fighting
 41879 | Crypt:2  | Found a transporter.
 41886 | Crypt:2  | Noticed Gathuos's ghost (adept OpEE)
 41899 | Crypt:2  | Found a transporter.
 42130 | Crypt:3  | Entered Level 3 of the Crypt
 42431 | Crypt:3  | Found a runed translucent gate.
 42432 | Crypt:3  | Found a runed translucent gate.
 42432 | Crypt:3  | Found an ancient bone altar of Kikubaaqudgha.
 42432 | Crypt:3  | Noticed Xajier's ghost (adept GrFi)
 42433 | Crypt:3  | Found a runed translucent gate.
 42433 | Crypt:3  | Noticed shadizar's ghost (veteran MiFi)
 42433 | Crypt:3  | Noticed Qyg Kex's ghost (adept OpEE)
 42434 | Crypt:3  | Noticed an ancient lich
 42560 | Crypt:3  | Found a staircase to the Tomb.
 42833 | Crypt:3  | Reached skill level 17 in Fighting
 42833 | Crypt:3  | Reached XP level 23. HP: 129/205 MP: 35/35
 42880 | Crypt:3  | Found a basalt altar of Yredelemnul.
 43070 | Crypt:3  | Identified the staff of air "Uckaumid" {+Blink rElec rPois
                  | Str-5 Int+3}
 43079 | Crypt:3  | Identified the +7 scale mail of the Dwarven Hall {Fly
                  | rPois}
 43082 | Crypt:3  | Identified the +1 war axe of Paper {heavy, rPois rF++ rC+
                  | Dex+2}
 43164 | Crypt:3  | Identified the ring of Jemeu {rN+ Int+5}
 43164 | Crypt:3  | Identified the ring of Retax {rPois rF- rN+ MP+9 Str+5}
 43418 | Crypt:3  | Killed Qyg Kex's ghost
 43436 | Crypt:3  | Killed an ancient lich
 43460 | Crypt:3  | Killed Xajier's ghost
 43476 | Crypt:3  | Killed shadizar's ghost
 43484 | Crypt:3  | Identified the ring "Xorch" {Fire Str+4 Dex+6 Stlth-}
 43494 | Crypt:3  | Identified the +5 war axe "Bakitium" {drain, Dex+4}
 43495 | Crypt:3  | Identified the +0 pair of boots of the Wumpus {Str-4 Int+4}
 43774 | Depths:1 | Entered Level 1 of the Depths
 43789 | Depths:1 | Noticed the Enchantress
 43805 | Depths:1 | Killed the Enchantress
 43880 | Depths:1 | Reached skill level 18 in Fighting
 43961 | Depths:1 | Found Xoefezier's Mayhem Merchandise.
 43963 | Depths:1 | Identified the +6 rapier "Huloz" {freeze, rPois}
 43995 | Depths:1 | Found a gateway to Hell.
 44483 | Depths:2 | Found a one-way gate to the infinite horrors of the Abyss.
 44746 | Depths:2 | Reached skill level 19 in Fighting
 44999 | Depths:2 | Reached XP level 24. HP: 221/221 MP: 35/35
 45144 | Depths:2 | Found a one-way gate leading to the halls of Pandemonium.
 45498 | Depths:3 | Found a transporter.
 45501 | Depths:3 | Noticed Cefasol's ghost (veteran DjWn)
 45502 | Depths:3 | Found a transporter.
 45503 | Depths:3 | Identified the +1 great mace "Syzifao" {freeze, *Noise rN+
                  | Dex+5}
 45518 | Depths:3 | Killed Cefasol's ghost
 45619 | Depths:3 | Identified the +9 shortbow "Goerphen" {heavy, rC+ rN+ SInv}
 45664 | Depths:3 | Identified the +5 quick blade of the Pits of Slime {drain,
                  | Dex+2}
 45837 | Depths:3 | Found a shadowy altar of Dithmenos.
 46475 | Depths:4 | Entered Level 4 of the Depths
 46502 | Depths:4 | Reached skill level 20 in Fighting
 46587 | Depths:4 | Paralysed by a sphinx for 5 turns
 46719 | Depths:4 | Found a one-way gateway to a ziggurat.
 46945 | Depths:4 | Found a gate to the Realm of Zot.
 47293 | Slime:1  | Entered Level 1 of the Pits of Slime
 47495 | Slime:2  | Gained mutation: You are dopey. (Int -2) [a shining eye]
 47521 | Slime:1  | Gained mutation: You are very dopey. (Int -4) [a shining
                  | eye]
 47524 | Slime:1  | Gained mutation: You occasionally lose the ability to drink
                  | potions when taking damage. [a shining eye]
 48109 | Slime:3  | Reached skill level 10 in Throwing
 48116 | Slime:3  | Reached XP level 25. HP: 224/234 MP: 33/35
 48602 | Slime:3  | Lost mutation: You have sharp fingernails. [potion of
                  | mutation]
 48602 | Slime:3  | Lost mutation: You expend magic power (3 MP) to strengthen
                  | your wands. [potion of mutation]
 48602 | Slime:3  | Gained mutation: You have hidden genetic potential. [potion
                  | of mutation]
 48664 | Slime:4  | Found a viscous altar of Jiyva.
 48850 | Slime:5  | Entered Level 5 of the Pits of Slime
 48856 | Slime:5  | Paralysed by a great orb of eyes for 5 turns
 48860 | Slime:5  | Noticed the Royal Jelly
 48865 | Slime:5  | Reached skill level 21 in Fighting
 48888 | Slime:5  | Killed the Royal Jelly
 48928 | Slime:5  | Lost mutation: You occasionally lose the ability to drink
                  | potions when taking damage. [potion of mutation]
 48928 | Slime:5  | Lost mutation: You are partially covered in large bone
                  | plates. (SH +4) [potion of mutation]
 48928 | Slime:5  | Gained mutation: You have large cloven feet. [potion of
                  | mutation]
 49121 | Slime:5  | Found the amulet of Vitality {RegenMP++ Regen++}
 49132 | Slime:5  | Identified the +4 hand axe "Keugoa" {flame, rC+ rN+ rCorr}
 49141 | Slime:5  | Got a slimy rune of Zot
 49184 | Slime:5  | Identified the staff of fire "Veklyqeg" {rElec rPois rF+
                  | Str+3}
 49198 | Slime:5  | Got Assaqunt's Compendium of Beckoning and Accelerants
 49219 | Slime:5  | Got the Annotations on Toxicity
 49988 | Zot:1    | Entered Level 1 of the Realm of Zot
 50866 | Zot:1    | Identified the ring "Teymug" {Ice Str+3 Dex+2 Slay+3}
 50866 | Zot:1    | Noticed Josephina
 50874 | Zot:1    | Killed Josephina
 51104 | Zot:1    | You fall into a shaft and drop 1 floor!
 51197 | Zot:2    | Reached skill level 22 in Fighting
 52544 | Zot:3    | Noticed an orb of fire
 52544 | Zot:3    | Gained mutation: You expend magic power (3 MP) to
                  | strengthen your wands. [an orb of fire]
 52561 | Zot:3    | Killed an orb of fire
 52864 | Zot:3    | Reached XP level 26. HP: 86/249 MP: 35/35
 53287 | Zot:4    | Gained mutation: You are strong-willed. (Will+) [hidden
                  | potential]
 53335 | Zot:4    | Reached skill level 23 in Fighting
 54559 | Vaults:5 | Entered Level 5 of the Vaults
 54561 | Vaults:5 | Reached skill level 24 in Fighting
 54562 | Vaults:5 | Noticed Mara
 54582 | Vaults:5 | Reached skill level 25 in Fighting
 54582 | Vaults:5 | Noticed Notanamesir's illusion
 54584 | Vaults:5 | Killed Mara
 54592 | Vaults:5 | Reached skill level 10 in Evocations
 54595 | Vaults:5 | Killed Mara
 54691 | Vaults:5 | Noticed an ancient lich
 54707 | Vaults:5 | Killed an ancient lich
 54844 | Vaults:5 | Got Adiptas's Exposition on Unhallowed Magic
 54878 | Vaults:5 | Identified the +6 plate armour of Inuvat {Int-3 Dex+8}
 54889 | Vaults:5 | Identified the amulet "Rorr" {Acrobat Str+3}
 54923 | Vaults:5 | Identified the ring "Zidufa" {rCorr Str+2 Int-3 SInv}
 55094 | Vaults:5 | Noticed an ancient lich
 55107 | Vaults:5 | Killed an ancient lich
 55179 | Vaults:5 | Got a silver rune of Zot
 55286 | Vaults:5 | Identified the staff of cold "Zimnyososs" {Fly rC+ Str+3
                  | Int-4 Dex+2}
 55539 | Vaults:5 | Identified the staff of conjuration "Migripsydgha" {rElec
                  | MP+9 SInv}
 55571 | Vaults:5 | Identified the +3 scale mail of Birdsong {rElec rF- Str+4
                  | SInv}
 56474 | Zig:1    | Entered Level 1 of a ziggurat
 56494 | Zig:2    | Entered Level 2 of a ziggurat
 56510 | Zig:2    | Identified the +1 shortbow of Ashenzari's Approval {flame,
                  | Int+3 SInv}
 56517 | Zig:3    | Entered Level 3 of a ziggurat
 56557 | Zig:4    | Entered Level 4 of a ziggurat
 56569 | Zig:4    | Reached XP level 27. HP: 170/268 MP: 35/35
 56573 | Zig:4    | Reached skill level 26 in Fighting
 56593 | Zig:5    | Entered Level 5 of a ziggurat
 56622 | Zig:5    | Identified the staff of cold "Tanuoj" {Fragile rElec rPois
                  | rC+ MP+9}
 56631 | Zig:6    | Entered Level 6 of a ziggurat
 56666 | Zig:6    | Identified the ring of the Middle {rCorr Str+6 Int+2}
 56671 | Zig:7    | Entered Level 7 of a ziggurat
 56676 | Zig:7    | Noticed a royal mummy
 56697 | Zig:7    | Killed a royal mummy
 56703 | Zig:7    | Identified the amulet of Lady Luck {Reflect Dex+4 SH+5}
 56709 | Zig:7    | Got the Almanac of Summoned Breath
 56782 | Pan      | Entered Pandemonium
 56921 | Pan      | Found a transporter.
 57200 | Pan      | Found a transporter.
 57204 | Pan      | Lost mutation: You have hidden genetic potential. [a
                  | cacodemon]
 57546 | Pan      | Reached skill level 27 in Fighting
 57563 | Pan      | Identified the +7 great mace "Aweugek" {elec, Will+}
 57565 | Pan      | Identified the ring of Starshine {rCorr EV+5 Str-4 Int+7
                  | Dex+4}
 57581 | Pan      | Identified the ring of Istran {rC- Str+3 Dex+9 Slay+4}
 57628 | Pan      | Entered the realm of Gloorx Vloq.
 58078 | Pan      | Noticed Gloorx Vloq
 58496 | Pan      | Killed Gloorx Vloq
 58545 | Pan      | Got a dark rune of Zot
 58936 | Pan      | Noticed Dorufy the pandemonium lord
 58945 | Pan      | Killed Dorufy the pandemonium lord
 59234 | Pan      | Noticed Amelacwu the pandemonium lord
 59237 | Pan      | Reached skill level 15 in Evocations
 59246 | Pan      | Killed Amelacwu the pandemonium lord
 59369 | Pan      | Identified the +0 scale mail of Inference {-Cast Harm
                  | Will+++ Dex-5}
 59971 | Pan      | Entered the realm of Lom Lobon.
 60858 | Pan      | Noticed Lom Lobon
 61030 | Pan      | Killed Lom Lobon
 61108 | Pan      | Got a magical rune of Zot
 61262 | Pan      | Entered the realm of Cerebov.
 61493 | Pan      | Found the +6 sword of Cerebov {flame}
 61493 | Pan      | Noticed Cerebov
 61496 | Pan      | Identified the +0 scimitar of the Unliving {pain, rPois
                  | Str-5 Dex+9 Stlth-}
 61518 | Pan      | Killed Cerebov
 61745 | Pan      | Identified the +2 pair of gloves of Weirdness {+Inv MP-9
                  | Str+2}
 61759 | Pan      | Identified the +9 longbow "Globulus" {heavy, Dex+5}
 61779 | Pan      | Identified the +7 mace of Okawaru's Esteem {freeze, rCorr
                  | Str+3 Int+4}
 61826 | Pan      | Identified the +2 scale mail of the Blessed Realm {Rampage
                  | SInv Stlth+}
 61960 | Pan      | Got a fiery rune of Zot
 61988 | Pan      | Identified the +1 ring mail of Gallantry {rElec rF+ rC+
                  | Int-3 Slay+3}
 62406 | Pan      | Gained mutation: Your spells are a little easier to cast,
                  | but a little less powerful. [a cacodemon]
 62408 | Pan      | Gained mutation: Your magical capacity is low. (-10% MP) [a
                  | cacodemon]
 62411 | Pan      | Noticed Lerreoci the pandemonium lord
 62430 | Pan      | Killed Lerreoci the pandemonium lord
 63109 | Pan      | Found an exit through the horrors of the Abyss.
 63489 | Pan      | Identified the staff of earth "Sirruol" {Dex+6}
 63580 | Pan      | Gained mutation: Your body sometimes deteriorates upon
                  | taking damage. [a cacodemon]
 63595 | Pan      | Lost mutation: You are agile. (Dex +4, Str/Int -1) [potion
                  | of mutation]
 63595 | Pan      | Lost mutation: Your magical capacity is low. (-10% MP)
                  | [potion of mutation]
 63595 | Pan      | Lost mutation: Your flesh is heat resistant. (rF+) [potion
                  | of mutation]
 63595 | Pan      | Gained mutation: You are agile. (Dex +4, Str/Int -1)
                  | [potion of mutation]
 63595 | Pan      | Lost mutation: You are very dopey. (Int -4) [potion of
                  | mutation]
 63596 | Pan      | Lost mutation: You are agile. (Dex +4, Str/Int -1) [potion
                  | of mutation]
 63596 | Pan      | Lost mutation: Your spells are a little easier to cast, but
                  | a little less powerful. [potion of mutation]
 63596 | Pan      | Lost mutation: Your body sometimes deteriorates upon taking
                  | damage. [potion of mutation]
 63596 | Pan      | Gained mutation: You have hidden genetic defects. [potion
                  | of mutation]
 63596 | Pan      | Lost mutation: You expend magic power (3 MP) to strengthen
                  | your wands. [potion of mutation]
 63597 | Pan      | Lost mutation: You have hidden genetic defects. [potion of
                  | mutation]
 63597 | Pan      | Lost mutation: You are dopey. (Int -2) [potion of mutation]
 63597 | Pan      | Gained mutation: Your mind is acute. (Int +4, Str/Dex -1)
                  | [potion of mutation]
 63597 | Pan      | Gained mutation: Your natural rate of healing is unusually
                  | fast. [potion of mutation]
 63829 | Pan      | Noticed Optur the pandemonium lord
 63912 | Pan      | Killed Optur the pandemonium lord
 63930 | Pan      | Got a demonic rune of Zot
 64566 | Pan      | Noticed Voijifax the pandemonium lord
 64595 | Pan      | Killed Voijifax the pandemonium lord
 64641 | Pan      | Found an exit through the horrors of the Abyss.
 64679 | Pan      | Entered the realm of Mnoleg.
 64681 | Pan      | Upgraded the game from 0.30-a0-949-g53dc5368d7 to
                  | 0.30-a0-956-gcec3b41aec
 64693 | Pan      | Gained mutation: You sometimes lose your temper in combat.
                  | [a cacodemon]
 64697 | Pan      | Gained mutation: Potions are less effective at restoring
                  | your health. [a cacodemon]
 64736 | Pan      | Gained mutation: You are clumsy. (Dex -2) [a neqoxec]
 64756 | Pan      | Gained mutation: You occasionally lose the ability to read
                  | scrolls when taking damage. [a neqoxec]
 64758 | Pan      | Gained mutation: You sometimes lose the ability to read
                  | scrolls when taking damage. [a neqoxec]
 64777 | Pan      | Lost mutation: Your natural rate of healing is unusually
                  | fast. [a cacodemon]
 64783 | Pan      | Gained mutation: You are occasionally teleported next to
                  | monsters. [a shining eye]
 64815 | Pan      | Noticed Mnoleg
 64829 | Pan      | Gained mutation: You are frail. (-10% HP) [Mnoleg's
                  | mutagenic touch]
 64835 | Pan      | Gained mutation: You passively dampen the noise of your
                  | surroundings. [a cacodemon]
 64838 | Pan      | Killed Mnoleg
 64839 | Pan      | Reached skill level 15 in Throwing
 64882 | Pan      | Got a glowing rune of Zot
 64899 | Pan      | Paralysed by a floating eye for 4 turns
 64907 | Pan      | Gained mutation: Your magical capacity is low. (-10% MP) [a
                  | shining eye]
 64916 | Pan      | Gained mutation: You have hidden genetic defects. [a
                  | cacodemon]
 64916 | Pan      | Gained mutation: Your magical capacity is very low. (-20%
                  | MP) [a shining eye]
 64918 | Pan      | Gained mutation: You are very clumsy. (Dex -4) [a shining
                  | eye]
 65215 | Pan      | Found an exit through the horrors of the Abyss.
 65224 | Pan      | Took an exit into the Abyss.
 65224 | Abyss:1  | Escaped into the Abyss
 65225 | Abyss:1  | Lost mutation: You sometimes lose the ability to read
                  | scrolls when taking damage. [potion of mutation]
 65225 | Abyss:1  | Lost mutation: Your magical capacity is very low. (-20% MP)
                  | [potion of mutation]
 65225 | Abyss:1  | Lost mutation: You occasionally lose the ability to read
                  | scrolls when taking damage. [potion of mutation]
 65226 | Abyss:1  | Lost mutation: Potions are less effective at restoring your
                  | health. [potion of mutation]
 65226 | Abyss:1  | Lost mutation: Your mind is acute. (Int +4, Str/Dex -1)
                  | [potion of mutation]
 65226 | Abyss:1  | Gained mutation: You occasionally lose the ability to drink
                  | potions when taking damage. [potion of mutation]
 65226 | Abyss:1  | Lost mutation: You are frail. (-10% HP) [potion of
                  | mutation]
 65227 | Abyss:1  | Lost mutation: You have hidden genetic defects. [potion of
                  | mutation]
 65227 | Abyss:1  | Lost mutation: You sometimes lose your temper in combat.
                  | [potion of mutation]
 65227 | Abyss:1  | Gained mutation: You are somewhat resistant to further
                  | mutation. [potion of mutation]
 65228 | Abyss:1  | Lost mutation: You are somewhat resistant to further
                  | mutation. [potion of mutation]
 65228 | Abyss:1  | Lost mutation: You have large cloven feet. [potion of
                  | mutation]
 65228 | Abyss:1  | Gained mutation: You are resistant to electric shocks.
                  | (rElec) [potion of mutation]
 65228 | Abyss:1  | Gained mutation: Your muscles are strong. (Str +4, Int/Dex
                  | -1) [potion of mutation]
 65229 | Abyss:1  | Found a corrupted altar of Lugonu.
 65315 | Abyss:2  | Found a corrupted altar of Lugonu.
 65320 | Abyss:2  | Found a corrupted altar of Lugonu.
 65320 | Abyss:2  | Found a corrupted altar of Lugonu.
 65419 | Abyss:3  | Found a corrupted altar of Lugonu.
 65419 | Abyss:3  | Found a corrupted altar of Lugonu.
 65457 | Abyss:3  | Found a corrupted altar of Lugonu.
 65505 | Abyss:3  | Found a corrupted altar of Lugonu.
 65505 | Abyss:3  | Found a corrupted altar of Lugonu.
 65563 | Abyss:3  | Found a corrupted altar of Lugonu.
 65652 | Abyss:3  | Found a corrupted altar of Lugonu.
 65659 | Depths:4 | Escaped the Abyss
 65735 | Depths:3 | Voluntarily entered the Abyss.
 66321 | Abyss:6  | Gained mutation: Your magical capacity is very low. (-20%
                  | MP) [a neqoxec]
 66503 | Abyss:6  | Got an abyssal rune of Zot
 66612 | Abyss:6  | Gained mutation: Your body sometimes deteriorates upon
                  | taking damage. [a neqoxec]
 66617 | Depths:3 | Escaped the Abyss
 66837 | Zot:5    | Entered Level 5 of the Realm of Zot
 67038 | Zot:5    | Noticed an orb of fire
 67041 | Zot:5    | Gained mutation: You are dopey. (Int -2) [an orb of fire]
 67055 | Zot:5    | Killed an orb of fire
 67087 | Zot:5    | Noticed an ancient lich
 67095 | Zot:5    | Killed an ancient lich
 67112 | Zot:5    | Noticed an orb of fire
 67114 | Zot:5    | Noticed a dread lich
 67114 | Zot:5    | Gained mutation: You occasionally shout uncontrollably at
                  | your foes. [an orb of fire]
 67116 | Zot:5    | Noticed an ancient lich
 67130 | Zot:5    | Gained mutation: You occasionally lose the ability to read
                  | scrolls when taking damage. [an orb of fire]
 67134 | Zot:5    | Killed an orb of fire
 67149 | Zot:5    | Killed a dread lich
 67153 | Zot:5    | Killed an ancient lich
 67344 | Zot:5    | Got the Orb of Zot
 67600 | Depths:1 | Noticed Zotoh the pandemonium lord
 67619 | Depths:1 | Killed Zotoh the pandemonium lord
 67671 | D:14     | Noticed Ritwatin the pandemonium lord
 67677 | D:14     | Paralysed by Ritwatin for 4 turns
 67691 | D:14     | Killed Ritwatin the pandemonium lord
 67776 | D:12     | Noticed Docesain the pandemonium lord
 67829 | D:10     | Noticed a seraph
 67843 | D:10     | Killed a seraph
 68102 | D:1      | Noticed Otairas the pandemonium lord
 68112 | D:1      | Killed Otairas the pandemonium lord
 68145 | D:$      | Escaped with the Orb!

Illustrated notes

Levels and vault maps discovered:
D:1:      sevenhm_arrival_forest_fort_small_5, layout_basic
D:2:      layout_basic, kennysheep_boxes, uniq_sigmund, uniq_crazy_yiuf_cottage,
          uniq_terence
D:3:      minmay_wonky_spiral, layout_loops_ring, nicolae_ru_awakened_eye,
          gammafunk_temple_overflow_wave
D:4:      layout_basic, dreamdust_wishing_well
D:5:      nicolae_cairo_tiling, layout_loops_cross,
          nicolae_qazlal_scattered_showers, uniq_pikel
D:6:      layout_basic
D:7:      layout_loops_ring, kennysheep_flooded_box, uniq_prince_ribbit1
D:8:      layout_loops_cross, cheibriados_altar_2, serial_shops,
          nicolae_stop_n_shop_2, kennysheep_small_spiral,
          dreamdust_mushroom_princess, uniq_maggie, uniq_joseph, uniq_erica,
          uniq_psyche
D:9:      layout_rooms, hellmonk_lair_entry_icy, gammafunk_ghost_hive,
          serial_curves, eino_curves_02, eino_curves_04, eino_curves_04,
          minmay_fire_ice_demons
D:10:     nicolae_cairo_tiling_large_dashed, layout_grid_maze,
          grunt_temple_overflow_order_and_chaos_2, tso_altar,
          evilmike_ruin_ashenzari, minmay_orc_entry_temple_small, minivault_16
D:11:     layout_roguey, nicolae_shop_dragon_depot, minmay_protected_statue
D:12:     cheibrodos_tormentor_scu, layout_loops_cross, uniq_sonja
D:13:     layout_irregular_city, erik_vaults_2, serial_co_window_serial,
          co_window_paths_b, co_window_paths_a, co_window_corner_a,
          co_window_paths_a, co_window_corner_a, co_window_paths_c,
          co_window_cross_3, co_window_unsneaky_path_b, co_window_broadway_c,
          co_window_paths_e, co_window_4corner_b, glass_columns_a,
          glass_columns_b, glass_columns_a, nicolae_trove_entry_crossroad
D:14:     layout_roguey, nicolae_benzene_ring
D:15:     grunt_enter_depths_hoard, layout_loops_ring
Temple:   nicolae_temple_bog_church
Lair:1:   layout_hall_layers, infiniplex_staircase_pool, serial_bayou_shore_a,
          uniq_nergalle
Lair:2:   beast_lair_carwin_large_2, layout_regular_city,
          nicolae_spider_entry_non_spiders
Lair:3:   layout_misc_corridors, elwin_shoals_entry_rocks, enter_volcano_2,
          grunt_forest_large_clearing_hut, lemuel_fruit_fields, uniq_kirke,
          uniq_rupert
Lair:4:   layout_regular_city, minmay_slime_entry_pillars, gammafunk_ghost_grave
Lair:5:   minmay_lair_end_frog_pond, layout_misc_corridors, lookout_lair_type
Shoals:1: layout_shoals, gammafunk_ghost_cemetery, uniq_jorgrun
Shoals:2: layout_shoals, uniq_ilsuiw, uniq_aizul, uniq_nikola
Shoals:3: layout_shoals, nzn_prometheus_bound
Shoals:4: shoals_end_grunt_ice, layout_shoals
Spider:1: nicolae_spider_obnoxious_hallway
Spider:2: layout_spider_delve, uniq_arachne, uniq_agnes
Spider:3: layout_spider_delve
Spider:4: hellmonk_spider_rune_bug_friends, nicolae_spider_scorpion_nest
Slime:1:  layout_caves
Slime:2:  layout_caves
Slime:3:  layout_caves
Slime:4:  layout_caves, basic_altar
Slime:5
Orc:1:    layout_caves, mines2_david
Orc:2:    st_orc_congregation, layout_caves, serial_shops,
          nicolae_shop_window_shopping, shop, shop,
          portal_ice_cave_entry_ice_simulacra, basic_altar, uniq_saint_roka
Elf:1:    nicolae_elf_arrival_no_cutting_in_line, layout_geoelf_octagon,
          kennysheep_underground_church, uniq_donald, uniq_roxanne
Elf:2:    elven_hall_of_blades_hangedman_original
          [nicolae_blade_entry_floor_patterns], layout_loops_cross,
          elves_outpost_lemuel
Elf:3:    grunt_elf_hall_branching, layout_geoelf_castle, minivault_4,
          hex_intersection
Vaults:1: nicolae_vaults_what_the_h, grunt_vaults_hallway_short,
          hangedman_vaults_corner, nicolae_vaults_circle_grid_a,
          grunt_vaults_hallway_short, ontoclasm_vaults_misaligned,
          ontoclasm_vaults_chip, ontoclasm_vaults_tryst, gammafunk_sealed_arena,
          nicolae_vaults_shelves_hall, nicolae_vaults_gold_heap,
          nicolae_vaults_diagonal_hallway_6, nicolae_vaults_mini_display_case,
          layout_vaults_ring, serial_shops, nicolae_shop_waterfront
Vaults:2: nicolae_vaults_network_quincunx
          [nicolae_vaults_network_quincunx_subvault,
          nicolae_vaults_network_quincunx_subvault,
          nicolae_vaults_network_quincunx_subvault,
          nicolae_vaults_network_quincunx_subvault,
          nicolae_vaults_network_quincunx_subvault], nicolae_vaults_big_ls,
          blue_anna_dwarven_crypt, vaults_room_door_ring,
          layout_vaults_chaotic_city, uniq_margery
Vaults:3: hangedman_vaults_nails, hangedman_vaults_nails,
          nicolae_vaults_ninety_degrees, ontoclasm_vaults_gateway,
          nicolae_vaults_lopsided_apartments, v_alt_pattern_5,
          nicolae_vaults_circle_grid_a, vaults_dpeg_ring, vaults_dpeg_diagonal,
          v_alt_pattern_3, nicolae_vaults_disjoint_gnomons, grunt_vaults_twisty,
          ontoclasm_vaults_shuriken, nicolae_vaults_ring_of_whatevers,
          nicolae_vaults_little_squares_6, v_misc_16, layout_vaults_maze,
          serial_shops, shop
Vaults:4: nicolae_vaults_puzzle_piece, vaults_room_pool, nicolae_vaults_theta,
          nicolae_vaults_border_crossing, v_misc_5, hangedman_vaults_restitches,
          hangedman_vaults_restitches, vaults_dpeg_cross,
          grunt_vaults_hallway_long, nicolae_vaults_little_ls,
          nicolae_vaults_little_squares_5, v_misc_14, grunt_vaults_bifocal,
          hangedman_vaults_slice, vaults_dpeg_spiral, layout_vaults_omnibox
Vaults:5: uniq_mara
Crypt:1:  layout_chaotic_city, evilmike_ambush [evilmike_ambush_outer_corners,
          evilmike_ambush_inner_basic], grunt_crypt_arrival_webbed
Crypt:2:  layout_basic, gammafunk_ghost_arena
Crypt:3:  church_of_pain_bobbens, layout_chaotic_city,
          tomb_entry_forgotten_bobbens, gammafunk_ghost_crypt, fountainhead,
          nicolae_crypt_cryptocurrency, minivault_27
Depths:1: layout_long_grid, dk_noncrumbling_4, hell_entry, minmay_shop_mayhem,
          hangedman_decor_growths, kennysheep_four_rooms, uniq_enchantress
Depths:2: minmay_quarter_circles, layout_basic, grunt_pan_entry_in_and_out,
          grunt_hell_horde, abyss_entry, infiniplex_staircase_pillars_3a
Depths:3: dreamdust_merry_men, layout_gridlike, minmay_room_of_horrors,
          gammafunk_ghost_smash, nicolae_dithmenos_shadow_blocks, hell_entry,
          serial_bayou_shore_b
Depths:4: evilmike_zot_entry_basic, layout_cave_pools, enter_ziggurat_b,
          pan_entry, hell_entry, roderic_three_in_a_row
Zot:1:    layout_cathedral_of_symmetry, uniq_josephina
Zot:2:    layout_twisted_circle
Zot:3:    layout_concentric_octagons
Zot:4:    kennysheep_oblong_rooms, layout_gridlike
Zot:5:    layout_twisted_circle, st_stairs_8

Skill      XL: |  1  2  3  4  5  6  7  8  9 10 11 12 13 14 15 16 17 18 19 20 21 22 23 24 25 26 27 |
---------------+----------------------------------------------------------------------------------+-----
Staves         | 4 5 6 7 8 9 10 11 14 | 14.0
Armour         | 2 4 5 6 9 11 13 15 16 17 18 19 20 21 23 24 25 26 | 26.0
Dodging        | 4 5 6 8 10 12 14 15 16 17 18 19 20 22 23 24 25 | 25.0
Invocations    | 2 3 6 9 10 11 13 14 15 16 17 18 | 18.0
Fighting       | 5 7 10 13 15 17 19 20 22 25 27 | 27.0
Polearms       | 11 14 17 18 | 18.2
Evocations     | 4 7 8 12 24 | 24.6
Shields        | 10 11 12 15 | 15.0
Throwing       | 6 7 10 19 | 19.3
Axes           | 14 | 14.0

Action                     |  1- 3 |  4- 6 |  7- 9 | 10-12 | 13-15 | 16-18 | 19-21 | 22-24 | 25-27 || total
---------------------------+-------+-------+-------+-------+-------+-------+-------+-------+-------++-------
  Melee: Quarterstaff      |    64 |   102 |   230 |   726 |   954 |   424 |       |       |       ||  2500
         Headbutt          |     7 |    11 |    34 |   176 |   245 |   342 |   457 |   638 |  1535 ||  3445
         Bardiche          |       |       |       |       |       |   970 |       |       |       ||   970
         Demon trident     |       |       |       |       |       |    48 |  1075 |       |       ||  1123
         Broad axe         |       |       |       |       |       |       |   165 |  1172 |  3034 ||  4371
  Throw: Boomerang         |       |    23 |     5 |       |       |    54 |    30 |     3 |    24 ||   139
         Javelin           |       |       |     8 |     4 |     1 |     1 |       |       |    10 ||    24
         Throwing net      |       |       |     1 |       |       |       |       |       |       ||     1
 Invoke: Upheaval          |       |       |       |     3 |     1 |     9 |     2 |     2 |    17 ||    34
         Elemental Force   |       |       |       |     2 |     3 |     2 |     1 |     1 |     7 ||    16
         Disaster Area     |       |       |       |       |     6 |     8 |     6 |     6 |    30 ||    56
  Evoke: Wand              |       |       |     2 |       |       |     1 |     2 |       |       ||     5
         Box of beasts     |       |       |       |       |       |       |       |       |     5 ||     5
         Phantom mirror    |       |       |       |       |       |       |       |       |     8 ||     8
         Phial of floods   |       |       |       |       |       |       |       |       |     1 ||     1
    Use: Scroll            |     3 |     6 |     7 |    17 |     4 |     9 |    16 |     7 |    27 ||    96
         Potion            |       |       |       |     4 |    11 |    14 |     9 |     4 |    34 ||    76
   Stab: Invisible         |       |       |       |     5 |       |       |     1 |       |     3 ||     9
         Petrifying        |       |       |       |     2 |       |       |       |       |     2 ||     4
         Confused          |       |       |       |     4 |     4 |    12 |       |       |       ||    20
         Paralysed         |       |       |       |     1 |     1 |     4 |       |     1 |     8 ||    15
         Distracted        |       |       |       |       |       |       |     1 |       |     1 ||     2
 Armour: Leather armour    |     6 |       |       |       |       |       |       |       |       ||     6
         Ring mail         |    14 |     2 |       |       |       |       |       |       |       ||    16
         Chain mail        |     2 |    49 |   100 |   295 |   318 |       |       |       |       ||   764
         Gold dragon scale |       |       |       |       |   353 |  1308 |   404 |   264 |   890 ||  3219
  Dodge: Dodged            |    26 |    37 |    71 |   214 |   404 |   826 |   390 |   369 |  1221 ||  3558
         Repelled          |       |       |       |     6 |     4 |     9 |    25 |    18 |    76 ||   138
  Block: Other             |       |       |     4 |    81 |   311 |   912 |       |       |     3 ||  1311
         Kite shield       |       |       |       |       |       |    29 |  1043 |       |       ||  1072
         Reflection        |       |       |       |       |       |       |    55 |       |       ||    55
         Tower shield      |       |       |       |       |       |       |   325 |  1668 |  3761 ||  5754
Riposte: Demon trident     |       |       |       |       |       |       |   233 |       |       ||   233
         Broad axe         |       |       |       |       |       |       |    65 |   563 |  1309 ||  1937

Table legend: (Time is in decaauts)
 A = Elapsed time spent in this place.
 B = Non-inter-level travel time spent in this place.
 C = Inter-level travel time spent in this place.
 D = Time resting spent in this place.
 E = Time spent auto-exploring this place.
 F = Levels seen in this place.
 G = Mean time per level.
                   A        B        C        D        E       F      G
               +--------+--------+--------+--------+--------+-----+--------+
         Total |  67042 |  59033 |   8009 |   1354 |  40412 |  84 |  798.1 |
       Dungeon |  16114 |  12864 |   3250 |    100 |  10147 |  15 | 1074.3 |
        Temple |     11 |     11 |      0 |      0 |      2 |   1 |   11.0 |
          Lair |   5083 |   4331 |    752 |     73 |   3266 |   5 | 1016.6 |
        Shoals |   4173 |   3991 |    182 |    121 |   2813 |   4 | 1043.2 |
   Spider Nest |   4603 |   4385 |    218 |    331 |   2699 |   4 | 1150.8 |
    Slime Pits |   2467 |   2311 |    156 |      0 |   1749 |   5 |  493.4 |
  Orcish Mines |   2009 |   1469 |    540 |      0 |   1112 |   2 | 1004.5 |
   Elven Halls |   3593 |   3272 |    321 |    177 |   1885 |   3 | 1197.7 |
        Vaults |   7016 |   5835 |   1181 |    115 |   4247 |   5 | 1403.2 |
         Crypt |   2979 |   2735 |    244 |      0 |   1855 |   3 |  993.0 |
        Depths |   4330 |   3537 |    793 |     85 |   2434 |   4 | 1082.5 |
           Zot |   4189 |   3821 |    368 |    142 |   2626 |   5 |  837.8 |
         Abyss |   1259 |   1259 |      0 |     84 |    339 |   7 |  179.9 |
   Pandemonium |   8308 |   8308 |      0 |    125 |   4803 |  12 |  692.3 |
      Ziggurat |    246 |    246 |      0 |      0 |      1 |   7 |   35.1 |
         Trove |     62 |     62 |      0 |      0 |      0 |   1 |   62.0 |
       Volcano |    592 |    592 |      0 |      0 |    432 |   1 |  592.0 |
               +--------+--------+--------+--------+--------+-----+--------+

Top non-repeatable levels by time:
Vaults:2: 1726 daAuts
    D:10: 1611 daAuts
Spider:3: 1561 daAuts
    D:13: 1486 daAuts
Vaults:1: 1479 daAuts
 Crypt:3: 1463 daAuts
Spider:2: 1410 daAuts
Vaults:3: 1385 daAuts
     D:9: 1339 daAuts
   Elf:2: 1289 daAuts
   Elf:3: 1288 daAuts
Depths:3: 1272 daAuts
   Orc:2: 1258 daAuts
Vaults:4: 1231 daAuts
Shoals:4: 1208 daAuts
